 Dungeon Crawl Stone Soup version 0.24-a0-616-ge2a249a (webtiles) character file.

Game seed: 2732887607368109811, levelgen mode: deterministic

7613 Blackhawk the Protected (level 11, -3/71 HPs)
             Began as a Gargoyle Fighter on Sept 14, 2019.
             Was a High Priest of Okawaru.
             Slain by Snorg (13 damage)
             ... on level 9 of the Dungeon.
             The game lasted 00:16:13 (8537 turns).

Blackhawk the Protected (Gargoyle Fighter)          Turns: 8537, Time: 00:16:14

Health: -3/71      AC: 24    Str: 24    XL:     11   Next: 18%
Magic:  6/11       EV:  9    Int: 15    God:    Okawaru [*****.]
Gold:   250        SH: 11    Dex:  9    Spells: 10/10 levels left

rFire    + . .     SeeInvis .   g - +1 whip (venom)
rCold    . . .     Gourm    .   c - +0 shield
rNeg     + . .     Faith    .   C - +2 chain mail {rF+}
rPois    ∞         Spirit   .   (no helmet)
rElec    +         Reflect  .   (no cloak)
rCorr    .         Harm     .   m - +0 pair of gloves
MR       .....                  w - +0 pair of boots
Stlth    ..........             y - amulet of rage
HPRegen  0.21/turn              k - +2 ring of intelligence
MPRegen  0.12/turn              p - +5 ring of intelligence

@: finesse
A: negative energy resistance 1, electricity resistance, unbreathing,
petrification resistance, rot immunity, AC +8
a: Heroism, Finesse, Renounce Religion, Evoke Berserk Rage


You were on level 9 of the Dungeon.
You worshipped Okawaru.
Okawaru was extremely pleased with you.
You were not hungry.

You visited 2 branches of the dungeon, and saw 11 of its levels.

You collected 516 gold pieces.
You spent 266 gold pieces at shops.

Inventory:

Hand Weapons
 g - a +1 whip of venom (weapon)
 s - a +3 mace
 F - the +4 rapier of Integrity {antimagic, rF++ rN+ Int-4}
   (You found it on level 7 of the Dungeon)

   It reduces the magical energy of the wielder, and disrupts the spells and
   magical abilities of those hit.
   Natural abilities and divine invocations are not affected.
   It affects your intelligence (-4).
   It greatly protects you from fire.
   It protects you from negative energy.
Armour
 c - a +0 shield (worn)
 m - a +0 pair of gloves (worn)
 n - the +0 chain mail of Least Resistance {rC+}
   (You bought it in a shop on level 5 of the Dungeon)

   It protects you from cold.
 w - a +0 pair of boots (worn)
 C - a +2 chain mail of fire resistance (worn)
Jewellery
 b - an uncursed ring of magical power {unknown}
 k - a +2 ring of intelligence (left hand)
 p - a +5 ring of intelligence (right hand)
 y - an amulet of rage (around neck)
Wands
 t - a wand of random effects (22)
 z - a wand of disintegration (18)
 B - a wand of paralysis (7)
 E - a wand of polymorph (9)
Scrolls
 e - 5 scrolls of identify
 h - 2 scrolls of blinking
 q - a scroll of teleportation
 A - 4 scrolls of remove curse
 G - a scroll of magic mapping {unknown}
 I - 3 scrolls of fear {unknown}
 J - a scroll of enchant weapon
Potions
 d - 4 potions of might
 i - 2 potions of flight {unknown}
 j - 6 potions of curing
 l - a potion of invisibility {unknown}
 o - a potion of haste {unknown}
 r - 2 potions of degeneration {unknown}
 u - a potion of mutation {unknown}
 v - a potion of cancellation {unknown}
 x - a potion of heal wounds {unknown}
 D - 2 potions of magic {unknown}
Miscellaneous
 a - a phantom mirror
Comestibles
 f - 13 rations
 H - 8 chunks of flesh


   Skills:
 + Level 9.3 Fighting
 + Level 8.2 Maces & Flails
 + Level 9.4 Armour
 + Level 4.7 Dodging
 + Level 9.3 Shields


You had 10 spell levels left.
You didn't know any spells.
Your spell library was empty.

Dungeon Overview and Level Annotations

Branches:
Dungeon (10/15)            Temple (1/1) D:7            Lair (0/6) D:9
    Orc: D:9-12

Altars:
Ashenzari
Dithmenos
Elyvilon
Fedhas
Gozag
Hepliaklqana
Kikubaaqudgha
Makhleb
Okawaru
Qazlal
Ru
Sif Muna
Trog
Uskayaw
Vehumet
Wu Jian
Yredelemnul
Zin
The Shining One

Shops:
D:4 *   D:5 ([:%   D:6 (   D:8 [

Annotations:
D:7 exclusion: door
D:9 Snorg


Innate Abilities, Weirdness & Mutations

You are resistant to torment.
Your stone body is resilient. (AC +8)
You are immune to poison.
You resist negative energy. (rN+)
You are resistant to electric shocks. (rElec)
You can survive without breathing.
You are immune to petrification.
You are immune to rotting.


Message History

You whack Snorg!
Snorg looks even sicker.
Snorg is lightly wounded.
You closely miss Snorg.
Snorg is lightly wounded.
Snorg closely misses you. You block Snorg's attack. x2
You closely miss Snorg.
Snorg is lightly wounded.
You whack Snorg!
Snorg looks as sick as possible!
Snorg is lightly wounded.
Snorg bites you. Snorg closely misses you. Snorg barely misses you.
You closely miss Snorg.
Snorg is lightly wounded.
You barely miss Snorg.
Snorg is lightly wounded.
Snorg bites you!
* * * LOW HITPOINT WARNING * * *
Snorg claws you.
* * * LOW HITPOINT WARNING * * *
Snorg claws you!
You die...

##.### ###...........#
.....# ##.'...........#
.....####..#...........#
..........##...........#
.....#######...........#
.....# #...........#
.....# ######'######
#.#### #..# .[# #@## .##
#####T#### .#####
#...oO...#
.....#######........#
.....##....'........#
.....##.####........#
........# #.......>#
.....#### #........#
.....# #........#


You could see Snorg (berserk), an ogre and an orc.

Vanquished Creatures
  Gastronok (D:8)
  Harold (D:8)
  A two-headed ogre (D:8)
  An elephant (D:9)
  A centaur zombie (D:10)
  Joseph (D:8)
  A hippogriff (D:7)
  A yak (D:9)
  Grum (D:9)
  A basilisk (D:9)
  A water moccasin (D:10)
  An ice beast (D:4)
  2 ogres
  An orc warrior (D:10)
  3 sky beasts
  3 wolves (D:9)
  5 centaurs
  2 crocodiles
  2 big kobolds
  6 bullfrogs
  2 scorpions
  4 killer bees (D:8)
  A howler monkey (D:6)
  A crimson imp (D:7)
  2 jellies
  2 hounds (D:7)
  An orc priest (D:10)
  A gnoll shaman (D:7)
  2 orc wizards
  7 worker ants
  A killer bee zombie (D:6)
  A hound zombie (D:5)
  A howler monkey zombie (D:8)
  5 gnolls (D:7)
  6 adders
  A shadow imp (D:10)
  An adder skeleton (D:5)
  2 dart slugs
  3 worms
  3 leopard geckos
  17 orcs
  5 giant cockroaches
  7 goblins
  11 hobgoblins
  7 jackals
  3 quokkas
  6 bats
  4 frilled lizards
  18 kobolds
  3 rats
164 creatures vanquished.

Vanquished Creatures (collateral kills)
  An ogre (D:6)
  A shadow imp (D:6)
2 creatures vanquished.

Grand Total: 166 creatures vanquished

Notes
Turn   | Place    | Note
-------+----------+-------------------------------------------
     0 | D:1      | Blackhawk the Gargoyle Fighter began the quest for the Orb.
     0 | D:1      | Reached XP level 1. HP: 14/14 MP: 1/1
    96 | D:1      | Reached XP level 2. HP: 17/19 MP: 2/2
   508 | D:1      | Reached XP level 3. HP: 22/24 MP: 3/3
  1364 | D:2      | Reached XP level 4. HP: 27/29 MP: 4/4
  1647 | D:3      | Reached XP level 5. HP: 15/33 MP: 5/5
  2555 | D:4      | Found Xutuomir's General Store.
  2604 | D:4      | Reached XP level 6. HP: 39/39 MP: 6/6
  2736 | D:4      | Noticed an ice beast
  2751 | D:4      | Killed an ice beast
  2944 | D:5      | Entered Level 5 of the Dungeon
  2946 | D:5      | Found Etyit's Weapon Shoppe.
  3237 | D:5      | Found a glowing silver altar of Zin.
  3268 | D:5      | Found Ecou's Food Boutique.
  3276 | D:5      | Reached skill level 5 in Fighting
  3276 | D:5      | Reached skill level 5 in Armour
  3482 | D:5      | Found Keazxaeta's Antique Armour Shop.
  3488 | D:5      | Found Jeumer's Book Shoppe.
  3547 | D:5      | Reached skill level 5 in Shields
  3547 | D:5      | Reached XP level 7. HP: 40/44 MP: 7/7
  3656 | D:6      | Found Kyjifyem's Weapon Boutique.
  4377 | D:7      | Reached XP level 8. HP: 43/51 MP: 8/8
  4647 | D:7      | Reached skill level 5 in Maces & Flails
  4683 | D:7      | Found a staircase to the Ecumenical Temple.
  4693 | Temple   | Entered the Ecumenical Temple
  4776 | Temple   | Became a worshipper of Warmaster Okawaru
  5092 | D:7      | Noticed a hippogriff
  5106 | D:7      | Killed a hippogriff
  5106 | D:7      | Reached * piety under Okawaru
  5198 | D:7      | Got an ivory rapier
  5199 | D:7      | Identified the +4 rapier of Integrity {antimagic, rF++ rN+
                  | Int-4} (You found it on level 7 of the Dungeon)
  5414 | D:7      | Reached XP level 9. HP: 56/56 MP: 9/9
  5502 | D:7      | Reached skill level 1 in Dodging
  5681 | D:8      | Noticed Harold
  5708 | D:8      | Killed Harold
  5708 | D:8      | Reached ** piety under Okawaru
  5837 | D:8      | Noticed a two-headed ogre
  5873 | D:8      | Killed a two-headed ogre
  5873 | D:8      | Reached *** piety under Okawaru
  6188 | D:8      | Reached XP level 10. HP: 62/64 MP: 10/10
  6318 | D:8      | Noticed Joseph
  6366 | D:8      | Killed Joseph
  6782 | D:8      | Noticed Gastronok
  6817 | D:8      | Killed Gastronok
  6817 | D:8      | Reached **** piety under Okawaru
  7120 | D:8      | Found Temiumuh's Antique Armour Boutique.
  7226 | D:5      | Bought a spiked chain mail for 266 gold pieces
  7236 | D:5      | Identified the cursed +0 chain mail of Least Resistance
                  | {rC+} (You bought it in a shop on level 5 of the Dungeon)
  7518 | D:9      | Noticed Grum
  7561 | D:9      | Killed Grum
  8043 | D:9      | Noticed an elephant
  8044 | D:9      | Found a staircase to the Lair.
  8075 | D:9      | Killed an elephant
  8096 | D:9      | Reached XP level 11. HP: 48/71 MP: 11/11
  8109 | D:9      | Reached ***** piety under Okawaru
  8311 | D:10     | Entered Level 10 of the Dungeon
  8508 | D:10     | Noticed Snorg
  8537 | D:9      | Slain by Snorg

Levels and vault maps discovered:
D:1:      dpeg_arrival_radiant, layout_basic
D:2:      layout_basic
D:3:      minmay_door_path, layout_rooms, overflow_temple_1_default,
          minmay_close_crescents
D:4:      layout_basic, serial_shops, shop
D:5:      layout_basic, first_ration, serial_shops, nicolae_shop_stone, shop,
          shop_fountains, nicolae_shop_stone, basic_altar
D:6:      layout_loops_ring, serial_shops, shop_coins
D:7:      layout_basic, minmay_temple_entry_trees, enter_bailey_8
D:8:      layout_gridville, serial_shops, kennysheep_mini_moat, uniq_joseph,
          uniq_harold, uniq_gastronok
D:9:      layout_roguey, david_lair_generic, uniq_grum
D:10:     layout_cave_pools, uniq_snorg, uniq_erica
Temple:   regret_index_temple_sigil_plot

Skill      XL: |  1  2  3  4  5  6  7  8  9 10 |
---------------+-------------------------------+-----
Fighting       | 4 5 6 8 9 |  9.3
Armour         | 4 5 6 8 9 |  9.4
Shields        | 4 5 6 7 9 |  9.3
Maces & Flails | 3 4 5 6 8 |  8.2
Dodging        | 2 4 |  4.7

Action                   |  1- 3 |  4- 6 |  7- 9 | 10-12 || total
-------------------------+-------+-------+-------+-------++-------
Melee: Flail             |    15 |       |       |       ||    15
       Whip              |   131 |   160 |   293 |   307 ||   891
Invok: Heroism           |       |       |       |     2 ||     2
       Finesse           |       |       |       |     1 ||     1
 Abil: Evoke Berserk Rag |       |       |     1 |       ||     1
Evoke: Wand              |       |       |     1 |       ||     1
  Use: Scroll            |       |       |    10 |     1 ||    11
  Eat: Chunk             |     2 |     7 |     9 |     5 ||    23
       Ration            |       |       |       |     1 ||     1
Armor: Scale mail        |    53 |     3 |       |       ||    56
       Chain mail        |       |   101 |   144 |   114 ||   359
Dodge: Dodged            |    39 |    39 |    76 |    89 ||   243
Block: Shield            |    60 |    80 |   158 |   145 ||   443

Table legend:
 A = Non-vault XP
 B = Vault XP
 C = Vault XP percentage of total XP
 D = Non-vault monster count
 E = Vault monster count
 F = Vault count percentage of total count
                 A         B        C        D         E       F
            +---------+---------+-------+---------+---------+-------
      Total |    5672 |    5204 |  47.8 |     155 |      11 |   6.6
            +---------+---------+-------+---------+---------+-------
        D:1 |      45 |       0 |   0.0 |      26 |       0 |   0.0
        D:2 |      46 |       0 |   0.0 |      22 |       0 |   0.0
        D:3 |     100 |       0 |   0.0 |      12 |       0 |   0.0
        D:4 |     281 |       0 |   0.0 |       7 |       0 |   0.0
        D:5 |     145 |       0 |   0.0 |       8 |       0 |   0.0
        D:6 |     571 |       0 |   0.0 |      17 |       0 |   0.0
        D:7 |    1413 |       0 |   0.0 |      32 |       0 |   0.0
        D:8 |    1523 |    3681 |  70.7 |      16 |       3 |  15.8
        D:9 |     185 |    1523 |  89.2 |       5 |       8 |  61.5
       D:10 |    1363 |       0 |   0.0 |      10 |       0 |   0.0
            +---------+---------+-------+---------+---------+-------
